 Dungeon Crawl Stone Soup version 0.30-b1-2-g02819fbbbe (webtiles) character file.

Game seed: 11862784421878750402

1276726 MisterFreud the Demon Slayer (level 27, -21/199 HPs)
             Began as a Gargoyle Fighter on May 7, 2023.
             Was a High Priest of the Shining One.
             Killed from afar by an orb of fire (39 damage)
             ... with a fireball
             ... on level 5 of the Realm of Zot on May 8, 2023.
             The game lasted 03:35:45 (91900 turns).

MisterFreud the Demon Slayer (Gargoyle Fighter)    Turns: 91900, Time: 03:35:45

Health: -21/199    AC: 77    Str: 32      XL:     27
Magic:  6/40       EV: 16    Int:  7 (8)  God:    the Shining One [*****.]
Gold:   10775      SH: 25    Dex: 11      Spells: 26/26 levels left

rFire   . . .        p - +9 sacred scourge (holy)
rCold   + + .        V - +1 tower shield {rN+}
rNeg    + + +        c - +8 crystal plate armour "Bozyjoux" {+Inv rC++ Str+3 Dex-5}
rPois   ∞            B - +2 helmet
rElec   +            e - +1 cloak of Starlight {*Dazzle EV+4 Stlth--}
rCorr   +            y - +1 pair of gloves of the Cicada {Dex+7}
SInv    .            W - +3 pair of seven-league boots {Rampage+∞}
Will    ++...        o - amulet of faith Stlth
                     w - +4 ring of slaying
HPRegen 0.53/turn    v - ring of resist corrosion
MPRegen 0.27/turn

%: random rage (9%), rampage+∞, faith
@: about to teleport, on berserk cooldown, flying, glowing, studying 3 skills,
unable to read
A: sickness immunity, AC +20, big wings, negative energy resistance 1,
electricity resistance, torment resistance 1, petrification resistance, talons
1, iridescent scales 1, berserk 2, clumsy 2, deterioration 2, dopey 1,
teleportitis 1, subdued magic 1, inability to read after injury 1
}: 15/15 runes: serpentine, barnacled, slimy, silver, golden, iron, obsidian,
icy, bone, abyssal, demonic, glowing, magical, fiery, dark
a: Renounce Religion, Evoke Invisibility, Divine Shield, Cleansing Flame, Summon
Divine Warrior


You were on level 5 of the Realm of Zot.
You worshipped the Shining One.
The Shining One was extremely pleased with you.
You visited 18 branches of the dungeon, and saw 88 of its levels.
You visited Pandemonium 1 time, and saw 7 of its levels.
You visited the Abyss 3 times.
You visited 1 bazaar.
You visited 1 ziggurat, and saw 10 of its levels.
You also visited: Wizlab.

You collected 14036 gold pieces.
You spent 3261 gold pieces at shops.

Inventory:

Hand Weapons
 p - a +9 sacred scourge of holy wrath (weapon)
Missiles
 k - 13 silver javelins
 l - 2 throwing nets (quivered)
Armour
 c - the +8 crystal plate armour "Bozyjoux" (worn) {+Inv rC++ Str+3 Dex-5}
   (Okawaru gifted it to you on level 4 of the Snake Pit)

   Str:       It affects your strength (+3).
   Dex:       It affects your dexterity (-5).
   rC:        It greatly protects you from cold.
   +Inv:      It lets you turn invisible.
 e - the +1 cloak of Starlight (worn) {*Dazzle EV+4 Stlth--}
   (You acquired it on level 2 of the Snake Pit)

   *Dazzle:   It may blind those who miss an attack against the wearer in melee
   combat.
   EV:        It affects your evasion (+4).
   Stlth:     It makes you much less stealthy.
 y - the +1 pair of gloves of the Cicada (worn) {Dex+7}
   (Okawaru gifted it to you on level 2 of the Abyss)

   Dex:       It affects your dexterity (+7).
 B - a +2 helmet (worn)
 V - a +1 tower shield of positive energy (worn)
 W - the +3 pair of seven-league boots (worn) {Rampage+∞}
   (Okawaru gifted it to you on level 2 of the Vaults)

   Rampage+∞: When moving toward enemies, its wearer moves as far as possible.
Jewellery
 j - the ring of the Enemy {rF++ rN+ Dex-2}
   (You found it on level 7 of the Iron City of Dis)

   [ring of positive energy]

   Dex:       It affects your dexterity (-2).
   rF:        It greatly protects you from fire.
   rN:        It protects you from negative energy.
 o - an amulet of faith (around neck)
 u - a ring of see invisible
 v - a ring of resist corrosion (right hand)
 w - a +4 ring of slaying (left hand)
 J - the ring of Nybiebao {Will+ Dex+2 Stlth+}
   (You found it on level 1 of the Elven Halls)

   [ring of willpower]

   Dex:       It affects your dexterity (+2).
   Will:      It increases your willpower.
   Stlth:     It makes you more stealthy.
 K - a ring of protection from fire
 M - a +4 ring of protection
Wands
 a - a wand of digging (21)
 d - a wand of acid (38)
 n - a wand of polymorph (47)
 R - a wand of iceblast (121)
 X - a wand of paralysis (98)
 Z - a wand of mindburst (22)
Scrolls
 b - 6 scrolls of enchant armour
 i - 8 scrolls of blinking
 q - 15 scrolls of teleportation
 t - 11 scrolls of fear
 C - 9 scrolls of amnesia
 G - a scroll of magic mapping
 I - 10 scrolls of fog
 P - a scroll of butterflies
 Q - 2 scrolls of silence
 Y - 10 scrolls of poison
Potions
 f - 30 potions of curing
 g - 13 potions of magic
 h - 5 potions of berserk rage
 m - a potion of might
 s - 9 potions of haste
 z - 9 potions of invisibility
 A - 10 potions of brilliance
 H - 9 potions of heal wounds
 L - 3 potions of ambrosia
 N - 9 potions of resistance
 S - 8 potions of mutation
 T - 3 potions of cancellation
Miscellaneous
 r - a lightning rod (4/4)
 D - a phial of floods
 F - a phantom mirror
 O - a condenser vane
 U - a figurine of a ziggurat


   Skills:
 O Level 27 Fighting
 O Level 27 Maces & Flails
 O Level 27 Armour
 + Level 12.9 Dodging
 O Level 27 Shields
 O Level 27 Invocations
 O Level 27 Evocations


You had 26 spell levels left.
You didn't know any spells.
Your spell library contained the following spells:

 Spells                   Type           Power      Damage    Failure   Level
 Apportation              Tloc           0%         N/A       89%         1
 Foxfire                  Conj/Fire      0%         2x1d4     89%         1
 Freeze                   Ice            0%         1d3       89%         1
 Necrotise                Necr           0%         1d4       89%         1
 Sandblast                Erth           0%         2d4       89%         1
 Shock                    Conj/Air       0%         1d3       89%         1
 Slow                     Hex            0%         N/A       89%         1
 Sting                    Tmut/Pois      0%         1d3       89%         1
 Summon Small Mammal      Summ           0%         N/A       89%         1
 Blink                    Tloc           0%         N/A       96%         2
 Ensorcelled Hibernation  Hex/Ice        0%         N/A       96%         2
 Lesser Beckoning         Tloc           0%         N/A       96%         2
 Momentum Strike          Conj/Tloc      0%         3d8       96%         2
 Passwall                 Tmut/Erth      0%         N/A       96%         2
 Poisonous Vapours        Pois/Air       0%         N/A       96%         2
 Searing Ray              Conj           0%         2d4       96%         2
 Static Discharge         Conj/Air       0%         2-2/arc   96%         2
 Wereblood                Tmut           0%         N/A       96%         2
 Call Canine Familiar     Summ           0%         N/A       99%         3
 Confusing Touch          Hex            0%         N/A       99%         3
 Dazzling Flash           Conj/Hex       0%         N/A       99%         3
 Frozen Ramparts          Ice            0%         1d1       99%         3
 Hailstorm                Conj/Ice       0%         3d3       99%         3
 Ignite Poison            Fire/Tmut/Pois 0%         N/A       99%         3
 Inner Flame              Hex/Fire       0%         N/A       99%         3
 Ozocubu's Armour         Ice            0%         N/A       99%         3
 Spider Form              Tmut/Pois      0%         N/A       99%         3
 Stone Arrow              Conj/Erth      0%         3d7       99%         3
 Summon Guardian Golem    Hex/Summ       0%         N/A       99%         3
 Swiftness                Air            0%         N/A       99%         3
 Teleport Other           Tloc           0%         N/A       99%         3
 Vampiric Draining        Necr           0%         2d6       99%         3
 Volatile Blastmotes      Fire/Tloc      0%         2d10      99%         3
 Airstrike                Air            0%         2d(0-16)  100%        4
 Anguish                  Hex/Necr       0%         N/A       100%        4
 Cause Fear               Hex            0%         N/A       100%        4
 Dispel Undead            Necr           0%         3d6       100%        4
 Flame Wave               Conj/Fire      0%         2d4       100%        4
 Ice Form                 Ice/Tmut       0%         N/A       100%        4
 Leda's Liquefaction      Hex/Erth       0%         N/A       100%        4
 Manifold Assault         Tloc           0%         N/A       100%        4
 Olgreb's Toxic Radiance  Pois           0%         N/A       100%        4
 Passage of Golubria      Tloc           0%         N/A       100%        4
 Petrify                  Tmut/Erth      0%         N/A       100%        4
 Sticky Flame             Conj/Fire      0%         2d3       100%        4
 Summon Ice Beast         Ice/Summ       0%         N/A       100%        4
 Summon Lightning Spire   Summ/Air       0%         N/A       100%        4
 Agony                    Necr           0%         N/A       100%        5
 Alistair's Intoxication  Tmut/Pois      0%         N/A       100%        5
 Arcjolt                  Conj/Air       0%         1d10      100%        5
 Blade Hands              Tmut           0%         N/A       100%        5
 Borgnjor's Vile Clutch   Necr/Erth      0%         N/A       100%        5
 Fireball                 Conj/Fire      0%         3d3       100%        5
 Freezing Cloud           Conj/Ice/Air   0%         6-21      100%        5
 Irradiate                Conj/Tmut      0%         3d11      100%        5
 Iskenderun's Battlesphe  Conj           0%         2d6       100%        5
 Lee's Rapid Deconstruct  Erth           0%         3d4*      100%        5
 Metabolic Englaciation   Hex/Ice        0%         N/A       100%        5
 Silence                  Hex/Air        0%         N/A       100%        5
 Summon Forest            Summ/Tloc      0%         N/A       100%        5
 Yara's Violent Unravell  Hex/Tmut       0%         3d3       100%        5
 Conjure Ball Lightning   Conj/Air       0%         3x3d6     100%        6
 Death Channel            Necr           0%         N/A       100%        6
 Dispersal                Tloc           0%         N/A       100%        6
 Eringya's Noxious Bog    Tmut/Pois      0%         N/A       100%        6
 Iron Shot                Conj/Erth      0%         9d1       100%        6
 Simulacrum               Ice/Necr       0%         N/A       100%        6
 Starburst                Conj/Fire      0%         6d3       100%        6
 Dragon Form              Tmut           0%         N/A       100%        7
 Enfeeble                 Hex            0%         N/A       100%        7
 Orb of Destruction       Conj           0%         9d5       100%        7
 Ozocubu's Refrigeration  Ice            0%         4d7       100%        7
 Spellforged Servitor     Conj/Summ      0%         N/A       100%        7
 Summon Hydra             Summ           0%         N/A       100%        7
 Discord                  Hex            0%         N/A       100%        8
 Disjunction              Tloc           0%         N/A       100%        8
 Ignition                 Fire           0%         3d3       100%        8
 Lehudib's Crystal Spear  Conj/Erth      0%         10d2      100%        8
 Polar Vortex             Ice            0%         N/A       100%        9
 Cigotuvi's Dreadful Rot  Necr/Pois/Air  Unusable   N/A       N/A         2
 Sublimation of Blood     Necr           Unusable   N/A       N/A         2
 Statue Form              Tmut/Erth      Unusable   N/A       N/A         6

Dungeon Overview and Level Annotations

Branches:
Dungeon (15/15)            Temple (1/1) D:4            Lair (5/5) D:11
 Shoals (4/4) Lair:3        Snake (4/4) Lair:3        Slime (5/5) Lair:4
    Orc (2/2) D:9             Elf (3/3) Orc:2        Vaults (5/5) D:14
  Crypt (3/3) Vaults:3       Tomb (3/3) Crypt:3      Depths (4/4) D:15
   Hell (visited)             Dis (7/7) Hell            Geh (7/7) Hell
    Coc (7/7) Hell            Tar (7/7) Hell            Zot (5/5) Depths:4
 WizLab (visited)

Altars:
Ashenzari
Cheibriados
Dithmenos
Elyvilon
Fedhas
Kikubaaqudgha
Makhleb
Okawaru
Ru
Trog
Vehumet
Wu Jian
Xom
Yredelemnul
Zin
The Shining One
Jiyva

Shops:
D:2 (:?   D:4 ?   D:5 (   D:6 ?   D:14 [   Orc:1 *   Orc:2 [*[   Elf:1 :*
Shoals:1 [   Shoals:2 =   Shoals:3 (   Shoals:4 *   Snake:3 ?*   Vaults:2 ?
Vaults:5 =[   Depths:1 :

Portals:
Hell: Depths:1 Depths:2 Depths:3 Depths:4
Abyss: Depths:3 Depths:4
Pandemonium: Depths:1 Depths:2 Depths:3

Annotations:
D:7 1 runed translucent door
D:10 2 transporters, MrCrawl's ghost, journeyman DsNe
Lair:4 3 runed translucent doors, decrepitude's ghost, journeyman TeRe
Depths:3 exclusion: orange crystal statue
Depths:4 exclusion: ice statue


Innate Abilities, Weirdness & Mutations

You are immune to sickness and miasma.
Your stone body is resilient. (AC +20)
You are immune to poison.
Your large and strong wings let you fly.
You resist negative energy. (rN+)
You are resistant to electric shocks. (rElec)
You are resistant to unholy torment.
You are immune to petrification.
You have sharp toenails.
You are partially covered in iridescent scales. (AC +2)
You have an uncontrollable temper.
You are very clumsy. (Dex -4)
Your body often deteriorates upon taking damage.
You are dopey. (Int -2)
You are occasionally teleported next to monsters.
Your spells are a little easier to cast, but a little less powerful.
You occasionally lose the ability to read scrolls when taking damage.


Message History

The death cob writhes in agony!
You destroy the death cob!
The Shining One accepts your kill.
You feel better.
You feel your power returning.
The golden flame engulfs the Killer Klown!!!
The Killer Klown is moderately wounded.
You feel strangely unstable.
You are yanked towards some nearby monsters!
Your surroundings suddenly seem different.
A moth of wrath, 2 Killer Klowns and 2 orbs of fire come into view.
A Killer Klown is wielding a +10 club of venom.
The Killer Klown shouts!
The moth of wrath's fur bristles in rage as it notices you.
The Killer Klown shouts!
The Killer Klown blinks!
The orb of fire glows bright magenta.
The fireball explodes!
The fireball engulfs you!!!
* * * LOW HITPOINT WARNING * * *
Your body deteriorates!
You feel dopey.
An ancient lich comes into view.
An electric golem comes into view.
The Killer Klown moves out of view.
The ancient lich shouts!
You hear a roar!
Unknown command.
Unknown command.
As you read the scroll of teleportation, it crumbles to dust.
You feel strangely unstable.
You feel the Orb delaying your translocation!
The ancient lich mumbles some strange words.
The ancient lich flickers and vanishes!
Deactivating autopickup; reactivate with Ctrl-A.
A moth of wrath comes into view.
You feel much better.
The orb of fire emits a lurid red light.
The fireball explodes!
The fireball engulfs you!!!
You feel threatened and lose the ability to read scrolls!
* * * LOW HITPOINT WARNING * * *
The fireball engulfs the orb of fire.
The orb of fire completely resists.
The orb of fire glows deep purple.
The fireball explodes!
The fireball engulfs you!!!
You die...

**,,,,,,,,,,,,,,,,,,,,,,** *
*,,,,,,^y.p...........,,,*
***,,,,,,.............^.,,,*
,**,,,,,,...............,,**
,,*,,,^,,..9....p.......,**
,,,,,,,,,{..............**
,,*,^,,,,......y*.......,**
,**,,,,,,...............,,**
***,,,,,,.......@*......,,,*
* *,,,,,,......^......^.,,^*
**,,,,,...........^...,,**
***,,,...............,**
****.......^.....▓▓**
*▓▓▓▓▓▓▓▓▓▓▓▓▓▓


You could see 2 orbs of fire, 2 Killer Klowns, an electric golem and 2 moths of
wrath.

Vanquished Creatures
  Cerebov (Pan)
  Antaeus (Coc:7)
  Asmodeus (Geh:7)
  the Royal Jelly (Slime:5)
  Ereshkigal (Tar:7)
  Gloorx Vloq (Pan)
  Lom Lobon (Pan)
  the Serpent of Hell (Geh:7)
  Dispater (Dis:7)
  2 dread liches
  Mnoleg (Pan)
  Khufu (Tomb:1)
  4 ancient liches
  3 orbs of fire (Zot:5)
  Mennas (Pan)
  Mara (Elf:3)
  35 royal mummies
  2 Killer Klowns (Zot:5)
  Bai Suzhen (Elf:3)
  36 caustic shrikes
  Saint Roka (Snake:3)
  Frederick (Depths:4)
  Vashnia (Snake:3)
  18 shard shrikes
  Geryon (Hell)
  Jory (Depths:4)
  3 curse toes
  Nikola (Elf:3)
  10 golden dragons
  10 profane servitors
  9 doom hounds
  A pearl dragon (Abyss:3)
  13 Tzitzimimeh
  8 iron giants
  A pandemonium lord (Pan)
  11 Brimstone Fiends
  17 bone dragons
  9 hellephants
  Zenata (Arena)
  10 tentacled monstrosities
  14 Hell Sentinels
  23 titans
  13 tainted leviathans
  12 liches
  6 deep elf blademasters
  Mlioglotl (Shoals:2)
  10 Orb Guardians (Zot:5)
  19 searing wretches
  5 quicksilver dragons
  13 Ice Fiends
  9 Executioners (Pan)
  Murray (Hell)
  6 deep elf master archers
  5 tentacled starspawn (Abyss:3)
  13 sphinxes
  A walking divine tome (Depths:2)
  12 acid blobs
  Kirke (D:13)
  Frances (Snake:1)
  6 death cobs
  37 ancient champions
  14 storm dragons
  15 shadow dragons
  13 tengu reavers
  6 draconian monks
  An azure jelly (shapeshifter) (Vaults:5)
  17 nagarajas
  7 azure jellies
  Donald (Vaults:1)
  5 draconian knights
  21 fire giants
  14 narguns
  Ilsuiw (Shoals:4)
  A demonspawn warmonger (Pan)
  6 deep elf sorcerers
  9 rockslimes (Slime:5)
  19 frost giants
  17 quicksilver elementals
  10 iron dragons
  A daeva (Abyss:3)
  Louise (Snake:3)
  8 revenants
  A ghost moth (Zot:5)
  7 draconian scorchers
  4 draconian shifters
  2 spectral caustic shrikes
  7 draconian stormcallers
  36 balrugs
  7 shard shrike simulacra
  17 vault wardens
  12 cacodemons
  An orc warlord (Vaults:2)
  7 ghouls (Crypt:3)
  7 draconian annihilators
  5 deep elf elementalists
  5 curse skulls
  16 reapers
  32 war gargoyles
  11 quicksilver oozes
  A spectral juggernaut (Tar:4)
  A juggernaut skeleton (Depths:3)
  3 spriggan defenders
  47 very ugly things
  2 demonspawn blood saints (Pan)
  26 ironbound preservers
  2 caustic shrike skeletons
  7 deep elf demonologists
  5 ironbound thunderhulks
  18 elemental wellsprings
  22 stone giants
  Nessos (D:13)
  19 green draconians
  10 deep elf annihilators
  5 lorocyprocas
  6 purple draconians
  21 black draconians
  19 putrid mouths
  14 red draconians
  A demonspawn black sun (Pan)
  14 dire elephants
  3 bennus
  10 vampire knights
  10 white draconians
  8 yellow draconians
  8 green deaths
  15 spark wasps
  A spectral titan (Tar:2)
  10 blizzard demons
  15 wendigos
  7 eidola
  25 iron golems
  13 ettins
  Snorg (Lair:5)
  5 merfolk impalers
  A spectral quicksilver dragon (Tar:4)
  2 crystal guardians
  6 deep elf death magi
  5 merfolk javelineers
  9 fire dragons
  14 jiangshi
  A quicksilver dragon zombie (Crypt:1)
  4 deep elf high priests
  29 mummy priests
  29 vault guards
  An entropy weaver (Vaults:3)
  Josephine (D:13)
  5 spectral spriggans
  3 rakshasas
  11 great orbs of eyes
  16 yaktaur captains
  A spectral fenstrider witch (Tar:2)
  3 hell beasts
  2 hydras
  A quicksilver dragon skeleton (Crypt:3)
  3 peacekeepers
  9 caustic shrike simulacra
  13 salamander tyrants
  9 ironbound frosthearts
  2 ogre magi
  11 ice dragons
  5 juggernaut simulacra
  2 merfolk avatars
  5 spriggan air magi
  A death knight (Crypt:1)
  A spriggan skeleton (Crypt:2)
  4 merfolk aquamancers
  An alligator snapping turtle (Shoals:4)
  5 anacondas
  5 stokers
  9 boulder beetles
  5 catoblepae
  25 centaur warriors
  16 naga warriors
  2 spectral stone giants
  6 two-headed ogres
  2 deep troll shamans (Depths:3)
  A satyr (Shoals:4)
  11 tengu warriors
  74 death scarabs
  3 thrashing horrors
  13 death yaks
  14 vampire magi
  29 hell hogs
  5 orc high priests
  28 dancing weapons
  4 deep troll earth magi
  14 soul eaters
  5 spriggan berserkers
  16 naga sharpshooters
  A spectral orc (Tar:2)
  55 sun demons
  Urug (Orc:2)
  Sonja (Lair:3)
  3 spriggans
  9 shock serpents
  27 deep elf knights
  5 wretched stars
  A spectral dire elephant (Tar:1)
  5 crystal echidnas
  23 sixfirhies
  A sea snake (shapeshifter) (Depths:2)
  37 skeletal warriors
  12 iron trolls
  3 skysharks
  15 hell knights
  28 shadow wraiths
  2 titan skeletons
  A spectral bunyip (Tar:2)
  A death drake (Zig:10)
  2 spectral anacondas
  A spatial maelstrom (Abyss:3)
  58 deep trolls
  11 quicksilver dragon simulacra
  5 flayed ghosts
  A storm dragon skeleton (Crypt:3)
  6 shadow demons
  A swamp dragon (Zig:10)
  17 sea snakes
  15 deep elf archers
  5 naga ritualists
  A bog body (Crypt:3)
  A bunyip skeleton (Abyss:2)
  An orange crystal statue (Zig:2)
  4 glowing orange brains
  10 wizards
  2 anaconda zombies
  16 ironbound convokers
  An iron giant skeleton (Crypt:1)
  3 spriggan simulacra
  4 salamander mystics
  2 steelbarb worms (shapeshifter)
  6 orc knights
  12 phantasmal warriors
  10 harpies
  38 deep elf zephyrmancers
  A lindwurm (shapeshifter) (D:9)
  8 mana vipers
  8 lindwurms
  42 deep elf pyromancers
  5 necromancers
  A shadow dragon zombie (Tomb:3)
  A broodmother zombie (Crypt:2)
  3 human zombies
  A spectral ettin (Tar:3)
  28 fauns
  8 orc sorcerers
  11 cyclopes
  5 shining eyes
  56 ugly things
  An iron dragon zombie (Depths:3)
  A will-o-the-wisp (Abyss:3)
  2 spectral centaurs (Tar:1)
  31 salamanders
  17 manticores
  A centaur zombie (Tomb:1)
  A naga zombie (Crypt:3)
  A stone giant zombie (Vaults:3)
  11 merfolk sirens
  An elephant (shapeshifter) (Depths:2)
  28 moths of wrath
  21 smoke demons
  9 elephants
  24 black mambas
  8 demonic crawlers
  7 ice statues
  2 dire elephant zombies
  An apocalypse crab (Abyss:3)
  23 vault sentinels
  Joseph (Lair:1)
  6 guardian serpents
  A water nymph (Shoals:4)
  11 molten gargoyles
  2 eyes of devastation (Slime:3)
  A fire giant skeleton (Depths:3)
  5 rust devils
  14 naga magi
  3 centaur skeletons
  7 titan simulacra
  10 cane toads
  20 orange demons
  2 dire elephant skeletons
  An emperor scorpion simulacrum (Crypt:2)
  3 gargoyles
  A naga skeleton (Tomb:3)
  8 komodo dragons
  8 efreet
  A white draconian zombie (Crypt:1)
  5 rime drakes
  A yellow draconian zombie (Crypt:2)
  12 freezing wraiths
  39 hellions
  A rime drake (shapeshifter) (Elf:3)
  A pale draconian zombie (Crypt:3)
  Psyche (D:11)
  5 unseen horrors
  49 guardian mummies
  A bunyip simulacrum (Coc:2)
  A spectral naga (Tar:2)
  15 tormentors
  11 yaktaurs
  3 spectral harpies
  7 anaconda simulacra
  2 ice devils
  A yaktaur skeleton (Vaults:3)
  3 silent spectres
  8 tengu conjurers
  3 iron giant simulacra
  6 red devils
  2 golden dragon simulacra
  8 trolls
  A polar bear (shapeshifter) (Abyss:3)
  A sea snake skeleton (Crypt:1)
  A hornet (shapeshifter) (Depths:3)
  9 polar bears
  3 ancient zymes
  A harpy zombie (Abyss:3)
  20 merfolk
  7 wind drakes
  3 hornets
  10 hellwings (Pan)
  9 meliai
  Prince Ribbit (D:8)
  20 blink frogs
  A shadow dragon simulacrum (Coc:1)
  A wolf spider simulacrum (D:15)
  8 raiju
  15 dream sheep
  An ettin zombie (Crypt:2)
  A harpy skeleton (Crypt:3)
  A great orb of eyes zombie (Crypt:2)
  3 iron dragon simulacra
  2 snapping turtles (Shoals:3)
  A dream sheep (shapeshifter) (Abyss:2)
  44 slime creatures
  35 flying skulls
  A stone giant simulacrum (Coc:2)
  A centaur simulacrum (Crypt:3)
  Sigmund (D:2)
  18 water elementals
  An ettin skeleton (Crypt:3)
  2 shadows (D:11)
  11 ynoxinuls
  34 yaks
  8 wraiths
  35 large abominations
  7 wyverns
  A slime creature zombie (Crypt:3)
  10 vampires
  3 fire bats (Pan)
  14 ushabtiu
  5 dire elephant simulacra
  Eustachio (D:5)
  2 hogs (D:13)
  A wind drake skeleton (Crypt:2)
  26 neqoxecs
  Grum (D:11)
  4 steam dragons
  3 fire elementals
  7 golden eyes
  A human (D:13)
  13 vampire mosquitoes
  3 basilisks
  5 chaos spawn
  A tyrant leech zombie (Crypt:1)
  A redback (Vaults:3)
  3 spatial vortices
  5 acid dragons
  19 harpy simulacra
  A two-headed ogre zombie (WizLab)
  4 wargs
  2 hydra simulacra
  43 nagas
  16 water moccasins
  3 floating eyes (Depths:2)
  A floating eye (shapeshifter) (Elf:2)
  3 hell hounds (Hell)
  A demonspawn skeleton (Crypt:1)
  31 orc warriors
  A cane toad skeleton (Crypt:3)
  A sky beast (D:7)
  3 swamp drakes
  4 black bears
  8 ettin simulacra
  27 wolves
  12 centaurs
  8 ogres
  15 starcursed masses
  A swamp dragon skeleton (Crypt:3)
  A phantom (D:6)
  10 bullfrogs
  3 kobold brigands
  A necrophage (Crypt:3)
  A gnoll sergeant (D:9)
  A wyvern zombie (Crypt:2)
  3 earth elementals (Elf:1)
  5 scorpions
  9 wights
  7 troll zombies (WizLab)
  A yak zombie (Crypt:3)
  3 spriggan zombies
  7 killer bees (D:9)
  An electric eel (Lair:5)
  2 howler monkeys
  A lava snake (Snake:2)
  A crimson imp (Abyss:3)
  2 hounds
  2 quasits
  2 iron imps
  A jelly (D:6)
  31 orc priests
  A gnoll bouda (D:7)
  2 iguanas
  4 sleepcaps
  Ijyb (D:5)
  6 hell rats (Hell)
  18 orc wizards
  15 small abominations
  4 ogre zombies (WizLab)
  A tengu zombie (Crypt:3)
  81 mummies
  A howler monkey zombie (Crypt:2)
  11 gnolls
  2 adders
  3 shadow imps
  4 white imps
  2 ufetubi (Abyss:2)
  A lava snake zombie (Crypt:1)
  A worm (D:2)
  4 dart slugs
  64 orcs
  9 endoplasms
  4 giant cockroaches
  A gnoll zombie (Crypt:2)
  15 goblins
  9 hobgoblins
  11 jackals
  28 kobolds
  3 quokkas
  7 ball pythons
  3 bats
  3 frilled lizards
  A frilled lizard zombie (Crypt:2)
  A goblin skeleton (Crypt:1)
  A goblin zombie (D:7)
  A kobold zombie (D:7)
  5 rats
  A creeping inferno (Geh:7)
  19 fire vortices
  A starspawn tentacle (Abyss:3)
3870 creatures vanquished.

Vanquished Creatures (collateral kills)
  A royal mummy (Tomb:3)
  An Ice Fiend (Coc:7)
  4 Executioners (Pan)
  A nargun (Coc:7)
  A shard shrike simulacrum (Coc:7)
  A balrug (Tomb:2)
  A curse skull (Pan)
  An elemental wellspring (Coc:7)
  A bennu (Tomb:3)
  3 wendigos (Coc:7)
  A juggernaut simulacrum (Coc:7)
  12 death scarabs
  A storm dragon skeleton (Pan)
  A shadow demon (Pan)
  A demonic crawler (Pan)
  An orange demon (Pan)
  An iron giant simulacrum (Coc:7)
  6 flying skulls
  An ushabti (Tomb:2)
  2 ettin simulacra (Coc:7)
42 creatures vanquished.

Vanquished Creatures (others)
  Margery (Vaults:5)
  A shard shrike (Coc:7)
  A doom hound (Hell)
  A death cob (Zot:4)
  An azure jelly (Coc:6)
  A frost giant (Vaults:5)
  2 fire giants
  A balrug (Geh:6)
  5 shard shrike simulacra
  A white draconian (Depths:4)
  An ice dragon (Hell)
  A juggernaut simulacrum (Coc:7)
  A vault guard (Vaults:5)
  3 caustic shrike simulacra
  A merfolk aquamancer (Shoals:4)
  A hell hog (Geh:4)
  An orc high priest (Orc:2)
  2 deep elf knights (Elf:1)
  A naga ritualist (Snake:4)
  3 quicksilver dragon simulacra
  3 spriggan simulacra (Coc:6)
  5 wizards
  A deep elf pyromancer (Elf:1)
  2 titan simulacra (Coc:6)
  3 smoke demons (Pan)
  2 ice devils (Hell)
  3 anaconda simulacra (Coc:7)
  A golden dragon simulacrum (Coc:7)
  A tengu conjurer (Shoals:2)
  A wind drake (Shoals:4)
  An iron dragon simulacrum (Coc:3)
  A dream sheep (Shoals:4)
  A flying skull (Crypt:1)
  A naga simulacrum (Coc:6)
  A fire elemental (Elf:1)
  A fire bat (Pan)
  A harpy simulacrum (Coc:6)
  A naga (Snake:4)
  A floating eye (Depths:4)
  A hydra simulacrum (Coc:7)
  3 ettin simulacra (Depths:4)
  6 ball lightnings (Pan)
  3 creeping infernos
  A fire vortex (Pan)
  2 foxfires (Abyss:3)
  20 fungi
  273 plants
  23 starspawn tentacles (Abyss:3)
393 creatures vanquished.

Grand Total: 4305 creatures vanquished

Notes
Turn   | Place    | Note
-------+----------+-------------------------------------------
     0 | D:1      | MisterFreud the Gargoyle Fighter began the quest for the
                  | Orb.
     0 | D:1      | Reached XP level 1. HP: 14/14 MP: 1/1
   207 | D:2      | Reached XP level 2. HP: 17/19 MP: 2/2
   425 | D:1      | Reached XP level 3. HP: 23/23 MP: 3/3
   924 | D:2      | Found Gevye's Book Boutique.
  1119 | D:2      | Noticed Sigmund
  1128 | D:2      | Killed Sigmund
  1129 | D:2      | Reached skill level 5 in Maces & Flails
  1129 | D:2      | Reached XP level 4. HP: 15/28 MP: 1/4
  1129 | D:2      | Reached XP level 5. HP: 17/32 MP: 1/5
  1273 | D:2      | Found Maculiwn's Magic Scroll Shoppe.
  1332 | D:2      | Found Faesk's Antique Weapon Boutique.
  1696 | D:3      | Reached XP level 6. HP: 23/37 MP: 3/6
  2545 | D:4      | Found a staircase to the Ecumenical Temple.
  2568 | Temple   | Entered the Ecumenical Temple
  2576 | Temple   | Became a worshipper of Warmaster Okawaru
  2661 | D:4      | Found a sacrificial altar of Ru.
  2785 | D:4      | Reached XP level 7. HP: 39/41 MP: 5/7
  2963 | D:4      | Found Erchot's Magic Scroll Emporium.
  2968 | D:4      | Bought a scroll of teleportation for 39 gold pieces
  3008 | D:2      | Bought a scroll of blinking for 90 gold pieces
  3577 | D:5      | Entered Level 5 of the Dungeon
  3590 | D:5      | Reached skill level 1 in Invocations
  3659 | D:5      | Found a snail-covered altar of Cheibriados.
  3665 | D:5      | Found Zeups's Antique Weapon Boutique.
  3764 | D:5      | Found a bloodstained altar of Trog.
  3764 | D:5      | Noticed Ijyb
  3791 | D:5      | Killed Ijyb
  3945 | D:5      | Reached * piety under Okawaru
  4103 | D:5      | Reached XP level 8. HP: 46/46 MP: 10/10
  4151 | D:5      | Noticed Eustachio
  4179 | D:5      | Killed Eustachio
  4180 | D:5      | Reached skill level 5 in Armour
  4253 | D:5      | Noticed Duvessa
  4259 | D:5      | Duvessa changed into Duvessa the centaur
  4259 | D:5      | Noticed Duvessa
  4264 | D:5      | Killed Duvessa the centaur
  4264 | D:5      | Noticed Dowan
  4309 | D:5      | Dowan changed into Dowan the naga
  4309 | D:5      | Noticed Dowan
  4372 | D:5      | Killed Dowan the naga
  4917 | D:6      | Noticed a gargoyle
  4978 | D:5      | Reached ** piety under Okawaru
  5113 | D:6      | Reached skill level 5 in Fighting
  5141 | D:6      | Killed a gargoyle
  5142 | D:6      | Reached XP level 9. HP: 27/55 MP: 6/12
  5336 | D:6      | Found Yneselau's Magic Scroll Shoppe.
  5360 | D:6      | Bought a scroll of blinking for 90 gold pieces
  5360 | D:6      | Bought a scroll of teleportation for 36 gold pieces
  5553 | D:6      | Found a shadowy altar of Dithmenos.
  5778 | D:7      | Reached skill level 10 in Maces & Flails
  6145 | D:7      | Found a runed translucent door.
  6149 | D:7      | Found a basalt altar of Yredelemnul.
  6168 | D:7      | Reached *** piety under Okawaru
  6616 | D:7      | Found a glowing silver altar of Zin.
  6616 | D:7      | Found a glowing golden altar of the Shining One.
  6886 | D:8      | Noticed Prince Ribbit
  6910 | D:8      | Killed Prince Ribbit
  6912 | D:8      | Reached XP level 10. HP: 47/60 MP: 8/13
  6969 | D:8      | Identified the +4 scale mail "Gyg Wasu" {rF+ rCorr Slay+3}
  7240 | D:8      | Noticed a two-headed ogre
  7398 | D:9      | Noticed a centaur warrior
  7398 | D:9      | Noticed a tengu warrior
  7398 | D:9      | Noticed a centaur warrior
  7398 | D:9      | Noticed a centaur warrior
  7665 | D:9      | Reached **** piety under Okawaru
  7829 | D:9      | Got the Quarto of Tainted Incineration
  7836 | D:9      | Identified the staff of fire "Qagog" {rElec rF+ Int+5}
  7840 | D:9      | Noticed a brown ugly thing
  7840 | D:9      | Noticed a centaur warrior
  7841 | D:9      | Noticed a brown ugly thing
  7844 | D:9      | Noticed an entropy weaver
  7853 | D:9      | Noticed a purple ugly thing
  7855 | D:9      | Identified the staff of death "Isugec" {rElec rN+}
  7855 | D:9      | Noticed a centaur warrior
  7874 | D:9      | Killed a centaur warrior
  8075 | D:8      | Killed a two-headed ogre
  8198 | D:8      | Reached ***** piety under Okawaru
  8282 | D:8      | Identified a scroll of acquirement
  8282 | D:8      | Acquired the +7 sceptre of Torment {pain, torment}
  8282 | D:8      | Found the +7 sceptre of Torment {pain, torment}
  8409 | D:9      | Killed a centaur warrior
  8410 | D:9      | Reached XP level 11. HP: 9/67 MP: 14/14
  8510 | D:9      | Killed a centaur warrior
  8540 | D:9      | Killed a centaur warrior
  8540 | D:9      | Identified the +0 pair of gloves "Ifaususs" {Int+3}
                  | (Okawaru gifted it to you on level 9 of the Dungeon)
  8540 | D:9      | Received a gift from Okawaru
  8610 | D:9      | Noticed a lindwurm
  8624 | D:9      | Killed a lindwurm
  8639 | D:9      | Killed a white ugly thing
  8644 | D:9      | Killed a brown ugly thing
  8645 | D:9      | Reached skill level 10 in Fighting
  8646 | D:9      | Killed a red ugly thing
  8647 | D:9      | Reached skill level 5 in Invocations
  8716 | D:9      | Found a staircase to the Orcish Mines.
  8728 | D:9      | Killed a tengu warrior
  8803 | D:9      | Killed a centaur warrior
  9037 | D:10     | Entered Level 10 of the Dungeon
  9140 | D:10     | Found a transporter.
  9140 | D:10     | Found a transporter.
  9140 | D:10     | Noticed a two-headed ogre
  9140 | D:10     | Noticed a two-headed ogre
  9141 | D:10     | Noticed a two-headed ogre
  9142 | D:10     | Noticed a two-headed ogre
  9143 | D:10     | Noticed MrCrawl's ghost (journeyman DsNe)
  9894 | D:11     | Reached XP level 12. HP: 77/77 MP: 18/18
  9915 | D:11     | Reached skill level 10 in Invocations
 10147 | D:11     | Identified the +8 quarterstaff of the Little People {holy,
                  | rC+ Str+6} (Okawaru gifted it to you on level 11 of the
                  | Dungeon)
 10147 | D:11     | Received a gift from Okawaru
 10411 | D:11     | Noticed Grum
 10434 | D:11     | Reached ****** piety under Okawaru
 10443 | D:11     | Killed Grum
 10531 | D:11     | Found a staircase to the Lair.
 10567 | D:11     | Noticed Psyche
 10580 | D:11     | Killed Psyche
 10982 | D:11     | Noticed a boulder beetle
 10996 | D:11     | Killed a boulder beetle
 10997 | D:11     | Reached skill level 1 in Evocations
 11077 | D:11     | Received a gift from Okawaru
 11393 | D:11     | Noticed a boulder beetle
 11403 | D:11     | Killed a boulder beetle
 11493 | D:12     | Reached skill level 10 in Armour
 11593 | D:12     | Reached skill level 5 in Evocations
 11676 | Lair:1   | Entered Level 1 of the Lair of Beasts
 11689 | Lair:1   | Reached XP level 13. HP: 42/82 MP: 20/20
 11821 | Lair:1   | Noticed Joseph
 11833 | Lair:1   | Killed Joseph
 12318 | Lair:1   | Received a gift from Okawaru
 13393 | Lair:2   | Identified the +4 scale mail "Alodeas" {SInv} (Okawaru
                  | gifted it to you on level 2 of the Lair of Beasts)
 13393 | Lair:2   | Received a gift from Okawaru
 13734 | Lair:2   | Reached skill level 10 in Evocations
 14516 | Lair:3   | Identified the +0 chain mail of Foape {rPois} (Okawaru
                  | gifted it to you on level 3 of the Lair of Beasts)
 14516 | Lair:3   | Received a gift from Okawaru
 14594 | Lair:3   | Found a staircase to the Snake Pit.
 14658 | Lair:3   | Noticed Sonja
 14681 | Lair:3   | Killed Sonja
 14682 | Lair:3   | Gained mutation: Your large and strong wings let you fly.
                  | [Gargoyle growth]
 14682 | Lair:3   | Reached XP level 14. HP: 41/91 MP: 21/21
 15079 | Lair:3   | Found a staircase to the Shoals.
 15543 | Lair:4   | You are sucked into a shaft and drop 1 floor!
 15543 | Lair:5   | Entered Level 5 of the Lair of Beasts
 15618 | Lair:5   | Noticed Snorg
 15628 | Lair:5   | Killed Snorg
 16436 | Lair:4   | Found a viscous altar of Jiyva.
 16437 | Lair:4   | Found a staircase to the Slime Pits.
 16584 | Lair:4   | Found a runed translucent gate.
 16585 | Lair:4   | Found a runed translucent gate.
 16585 | Lair:4   | Noticed decrepitude's ghost (journeyman TeRe)
 16586 | Lair:4   | Found a runed translucent gate.
 16645 | Lair:4   | Identified the +1 pair of boots of Pan-Flutes {rPois}
                  | (Okawaru gifted it to you on level 4 of the Lair of Beasts)
 16645 | Lair:4   | Received a gift from Okawaru
 17497 | Lair:5   | Reached skill level 15 in Fighting
 17793 | Lair:4   | Reached skill level 5 in Shields
 18075 | Lair:5   | Identified the +3 eveningstar of Arbitration {drain, Dex+2}
                  | (Okawaru gifted it to you on level 5 of the Lair of Beasts)
 18075 | Lair:5   | Received a gift from Okawaru
 18236 | Lair:5   | Reached XP level 15. HP: 103/103 MP: 22/22
 18763 | D:13     | Noticed Nessos
 18786 | D:13     | Killed Nessos
 18798 | D:13     | Noticed Kirke
 18807 | D:13     | Killed Kirke
 18864 | D:12     | Reached skill level 10 in Shields
 19185 | D:12     | Received a gift from Okawaru
 19701 | D:13     | Noticed Josephine
 19713 | D:13     | Killed Josephine
 19960 | D:13     | Reached skill level 15 in Maces & Flails
 20384 | D:14     | Received a gift from Okawaru
 20661 | D:14     | Identified the +0 cloak of Pettuf {Dex+2} (Okawaru gifted
                  | it to you on level 14 of the Dungeon)
 20661 | D:14     | Received a gift from Okawaru
 20727 | D:14     | Found a gate to the Vaults.
 21061 | D:15     | Entered Level 15 of the Dungeon
 21358 | D:14     | Found Ahuhyt's Antique Armour Shoppe.
 22196 | D:15     | Reached XP level 16. HP: 100/108 MP: 23/23
 22204 | D:15     | Identified the +0 robe of Esauxer {Str+5} (Okawaru gifted
                  | it to you on level 15 of the Dungeon)
 22204 | D:15     | Received a gift from Okawaru
 22239 | D:15     | Found a staircase to the Depths.
 23103 | Orc:1    | Entered Level 1 of the Orcish Mines
 23103 | Orc:1    | Found Eisof's Eclectic Emporium.
 23135 | Orc:1    | Bought a potion of experience for 900 gold pieces
 23137 | Orc:1    | Reached XP level 17. HP: 113/113 MP: 24/24
 23523 | Orc:2    | Entered Level 2 of the Orcish Mines
 23943 | Orc:2    | Noticed Urug
 23951 | Orc:2    | Killed Urug
 24842 | Orc:2    | Found a staircase to the Elven Halls.
 24931 | Orc:2    | Found Wash's Jewellery Shop.
 24931 | Orc:2    | Found Bomaf's Armour Shop.
 24932 | Orc:2    | Found Kizig's Antique Armour Shop.
 24932 | Orc:2    | Found Hidein Ygeo's Assorted Antiques.
 24940 | Orc:2    | Bought a crude helmet for 228 gold pieces
 24940 | Orc:2    | Identified the +0 helmet of the Meager God {rElec Str+3}
                  | (You bought it in a shop on level 2 of the Orcish Mines)
 25161 | Snake:1  | Entered Level 1 of the Snake Pit
 25205 | Snake:1  | HP: 3/113 [naga/+0 short sword (23)]
 25413 | Snake:1  | Received a gift from Okawaru
 25732 | Snake:1  | Noticed Frances
 25741 | Snake:1  | Killed Frances
 26532 | Snake:2  | Acquired the +1 cloak of Starlight {*Dazzle EV+4 Stlth--}
 26532 | Snake:2  | Found the +1 cloak of Starlight {*Dazzle EV+4 Stlth--}
 26572 | Snake:2  | Received a gift from Okawaru
 27232 | Snake:3  | Reached XP level 18. HP: 122/122 MP: 25/25
 27232 | Snake:3  | Noticed Vashnia
 27258 | Snake:3  | Killed Vashnia
 27543 | Snake:3  | Found Ebanwax's Magic Scroll Boutique.
 27546 | Snake:3  | Noticed Louise
 27548 | Snake:3  | Found Voadaq's Assorted Antiques.
 27566 | Snake:3  | Killed Louise
 27588 | Snake:3  | Bought a scroll of fear for 76 gold pieces
 27588 | Snake:3  | Bought a scroll of blinking for 142 gold pieces
 27588 | Snake:3  | Bought a scroll of blinking for 142 gold pieces
 27811 | Snake:3  | Noticed Saint Roka
 27830 | Snake:3  | Killed Saint Roka
 28296 | Snake:4  | Entered Level 4 of the Snake Pit
 28324 | Snake:4  | Identified the +8 crystal plate armour "Bozyjoux" {+Inv
                  | rC++ Str+3 Dex-5} (Okawaru gifted it to you on level 4 of
                  | the Snake Pit)
 28324 | Snake:4  | Received a gift from Okawaru
 29696 | Snake:4  | Received a gift from Okawaru
 29696 | Snake:4  | Found the +2 cloak of the Thief {*Fog Slay-2 SInv Stlth+}
 30008 | Snake:4  | Reached XP level 19. HP: 132/132 MP: 26/26
 30700 | Snake:4  | Got a serpentine rune of Zot
 30863 | Shoals:1 | Entered Level 1 of the Shoals
 30945 | Shoals:1 | You are sucked into a shaft and drop 1 floor!
 31252 | Shoals:1 | Found Qesti Bigri's Armour Emporium.
 31485 | Shoals:2 | Noticed Mlioglotl
 31497 | Shoals:2 | Paralysed by accursed screaming for 1 turns
 31500 | Shoals:2 | Killed Mlioglotl
 31616 | Shoals:2 | Found Tusiw's Jewellery Shoppe.
 31642 | Shoals:2 | Identified the +9 mace of Unpleasantness {pain, rF+}
                  | (Okawaru gifted it to you on level 2 of the Shoals)
 31642 | Shoals:2 | Received a gift from Okawaru
 32315 | Shoals:3 | Found Xuocs's Weapon Boutique.
 32438 | Shoals:4 | Entered Level 4 of the Shoals
 32592 | Shoals:4 | Noticed Ilsuiw
 32613 | Shoals:4 | Identified the +4 pair of boots of the Original Sin {rCorr
                  | Dex+4 Slay-4} (Okawaru gifted it to you on level 4 of the
                  | Shoals)
 32613 | Shoals:4 | Received a gift from Okawaru
 33021 | Shoals:4 | Killed Ilsuiw
 33546 | Shoals:4 | Reached XP level 20. HP: 116/140 MP: 27/27
 33791 | Shoals:4 | Identified the +4 halberd "Xeacs" {venom, rElec Str+2
                  | Stlth+}
 33852 | Shoals:4 | Got a barnacled rune of Zot
 33907 | Shoals:4 | Found Natomm's Gadget Gallery.
 34538 | Vaults:1 | Entered Level 1 of the Vaults
 34794 | Vaults:1 | Reached skill level 15 in Shields
 34888 | Vaults:1 | Noticed Zenata
 34899 | Arena    | Entered the Arena
 34913 | Arena    | Killed Zenata
 35069 | Vaults:1 | Received a gift from Okawaru
 35346 | Vaults:1 | Reached skill level 15 in Armour
 36147 | Vaults:1 | Noticed Donald
 36156 | Vaults:1 | Killed Donald
 36303 | Vaults:1 | Received a gift from Okawaru
 37025 | Vaults:2 | Received a gift from Okawaru
 37025 | Vaults:2 | Found the +3 pair of seven-league boots {Rampage+∞}
 37339 | Vaults:2 | Found Teuruf's Magic Scroll Boutique.
 37342 | Vaults:2 | Bought a scroll of fear for 64 gold pieces
 37342 | Vaults:2 | Bought a scroll of acquirement for 832 gold pieces
 37342 | Vaults:2 | Bought a scroll of blinking for 120 gold pieces
 37347 | Vaults:2 | Acquired a manual of Evocations
 37474 | Vaults:2 | Reached XP level 21. HP: 146/146 MP: 28/28
 38542 | Vaults:3 | Found a staircase to the Crypt.
 38542 | Vaults:3 | Found a basalt altar of Yredelemnul.
 38542 | Vaults:3 | Found an ancient bone altar of Kikubaaqudgha.
 38569 | Vaults:3 | Identified the +6 plate armour of Least Resistance {Will+}
                  | (Okawaru gifted it to you on level 3 of the Vaults)
 38569 | Vaults:3 | Received a gift from Okawaru
 40258 | Vaults:4 | Identified the +2 robe of Eternity {rPois Regen+ Int+3}
 41026 | Elf:1    | Entered Level 1 of the Elven Halls
 41055 | Elf:1    | Reached XP level 22. HP: 141/152 MP: 29/29
 41148 | Elf:1    | Identified the ring of Nybiebao {Will+ Dex+2 Stlth+}
 41156 | Elf:1    | Received a gift from Okawaru
 41184 | Elf:1    | Found Gahofyq's Tremendous Tomes.
 41595 | Elf:1    | Identified the +4 rapier of the End {heavy, Fly rPois rC++
                  | Str-5}
 41714 | Elf:1    | Found Rilopel's Neck Hole.
 42802 | Elf:2    | Identified the +1 chain mail of Evolution {rN+ Int+4 Slay-3
                  | Stlth+} (Okawaru gifted it to you on level 2 of the Elven
                  | Halls)
 42802 | Elf:2    | Received a gift from Okawaru
 42820 | Elf:2    | Paralysed by a floating eye for 4 turns
 42845 | Elf:2    | Found a flickering gateway to a bazaar.
 42873 | Bazaar   | Entered a bazaar
 43108 | Bazaar   | Found Onumaleg's Jewellery Boutique.
 43114 | Bazaar   | Bought a ring of resist corrosion for 340 gold pieces
 43138 | Bazaar   | Found Anoido's Assorted Antiques.
 43143 | Bazaar   | Bought a scroll labelled YTOURO QULITT for 27 gold pieces
 43163 | Bazaar   | Found Iboisets's Book Boutique.
 43183 | Bazaar   | Found Gawatuc's Assorted Antiques.
 43346 | Elf:2    | Found a runed translucent gate.
 43346 | Elf:2    | Found a runed translucent gate.
 43348 | Elf:2    | Found a runed translucent gate.
 43638 | Elf:2    | Reached skill level 15 in Evocations
 44254 | Elf:3    | Entered Level 3 of the Elven Halls
 44308 | Elf:3    | Found a magical portal.
 44322 | WizLab   | Entered Zonguldrok's Shrine
 44483 | WizLab   | Identified the +6 flail of Causality {freeze, rElec Str+4}
                  | (Okawaru gifted it to you in a wizard's laboratory)
 44483 | WizLab   | Received a gift from Okawaru
 44531 | Elf:3    | Noticed Bai Suzhen
 44548 | Elf:3    | Killed Bai Suzhen
 44898 | Abyss:2  | Cast into level 2 of the Abyss (a deep elf sorcerer)
 45068 | Abyss:2  | Identified the +1 pair of gloves of the Cicada {Dex+7}
                  | (Okawaru gifted it to you on level 2 of the Abyss)
 45068 | Abyss:2  | Received a gift from Okawaru
 45394 | Elf:3    | Escaped the Abyss
 45754 | Elf:3    | Noticed Mara
 45765 | Elf:3    | Noticed MisterFreud's illusion
 45766 | Elf:3    | Killed Mara
 45774 | Elf:3    | Reached XP level 23. HP: 112/156 MP: 23/30
 45910 | Elf:3    | Noticed Nikola
 45936 | Elf:3    | Killed Nikola
 46460 | Elf:3    | Identified the +1 robe of Narcissism {Int+4}
 46553 | Elf:3    | Identified the +3 demon trident "Mifos" {elec, rElec rN+
                  | Will+ Int+3}
 46748 | Elf:3    | Got the Compendium of the Cumulonimbus and the Coward
 46749 | Elf:3    | Identified the staff of fire "Nuceh" {rF+ Dex+3}
 47138 | Slime:1  | Entered Level 1 of the Pits of Slime
 47143 | Slime:1  | Received a gift from Okawaru
 47190 | Slime:3  | Gained mutation: You do not regenerate when monsters are
                  | visible. [a shining eye]
 47193 | Slime:3  | Gained mutation: You are clumsy. (Dex -2) [a shining eye]
 47205 | Slime:3  | Lost mutation: You do not regenerate when monsters are
                  | visible. [a shining eye]
 47207 | Slime:3  | Gained mutation: You are dopey. (Int -2) [a shining eye]
 47490 | Slime:5  | Entered Level 5 of the Pits of Slime
 47540 | Slime:5  | Noticed the Royal Jelly
 47552 | Slime:5  | Received a gift from Okawaru
 47562 | Slime:5  | Gained mutation: A frigid envelope surrounds you and
                  | freezes all who hurt you. [a shining eye]
 47791 | Slime:5  | Killed the Royal Jelly
 47791 | Slime:5  | Received a gift from Okawaru
 47793 | Slime:5  | Gained mutation: You are vulnerable to cold. (rC-) [a
                  | shining eye]
 47797 | Slime:5  | Gained mutation: You are very clumsy. (Dex -4) [a shining
                  | eye]
 47842 | Slime:5  | Found the +8 frozen axe "Frostbite" {freeze, freezing
                  | cloud, *Noise Fly rC+}
 47843 | Slime:5  | Identified the ring "Ofonuehi" {Fly rPois MP+9 Str-3
                  | Stlth+}
 47881 | Slime:5  | Acquired the +8 eveningstar of Beyond {flame, rElec Int+3
                  | Dex+4}
 47918 | Slime:5  | Identified the ring of Lugonu's Supremacy {rPois Will- MP+9
                  | Str+6 Stlth+}
 47962 | Slime:5  | Got a slimy rune of Zot
 48298 | Vaults:5 | Entered Level 5 of the Vaults
 48439 | Vaults:5 | Identified the scarf of the Slightly Bent {shadows,
                  | Rampage} (Okawaru gifted it to you on level 5 of the
                  | Vaults)
 48439 | Vaults:5 | Received a gift from Okawaru
 48518 | Vaults:5 | Reached XP level 24. HP: 85/166 MP: 32/32
 48758 | Vaults:5 | Found Wericoka's Jewellery Emporium.
 48766 | Vaults:5 | Found Guulip's Antique Armour Shop.
 48935 | Vaults:5 | Paralysed by something for 4 turns
 49260 | Vaults:5 | Noticed Margery
 49270 | Vaults:5 | Killed Margery
 49272 | Vaults:5 | Noticed a dread lich
 49274 | Vaults:5 | Received a gift from Okawaru
 49703 | Vaults:5 | Received a gift from Okawaru
 50096 | Vaults:5 | Identified the +2 pair of boots "Uthy" {rPois Int+3 Dex-2
                  | Stlth+}
 50215 | Vaults:5 | Gained mutation: You occasionally shout uncontrollably at
                  | your foes. [a shining eye]
 50699 | Vaults:5 | Paralysed by something for 4 turns
 50706 | Vaults:5 | Killed a dread lich
 50914 | Vaults:5 | Identified the staff of fire "Kiomer" {rF+ rCorr}
 51012 | Vaults:5 | Got a silver rune of Zot
 51315 | D:7      | Fell from the grace of Okawaru
 51315 | D:7      | Became a worshipper of the Shining One
 51436 | Orc:1    | Bought a scroll of enchant weapon for 135 gold pieces
 51621 | Crypt:1  | Entered Level 1 of the Crypt
 51678 | Crypt:1  | Reached * piety under the Shining One
 51839 | Crypt:1  | Reached ** piety under the Shining One
 51979 | Crypt:1  | Reached skill level 15 in Invocations
 51983 | Crypt:1  | Reached *** piety under the Shining One
 52434 | Crypt:1  | Reached **** piety under the Shining One
 52980 | Crypt:2  | Reached ***** piety under the Shining One
 53109 | Crypt:2  | Paralysed by a vampire knight for 4 turns
 53344 | Crypt:3  | Entered Level 3 of the Crypt
 53362 | Crypt:3  | Reached XP level 25. HP: 175/175 MP: 34/34
 53664 | Crypt:3  | Reached ****** piety under the Shining One
 53682 | Crypt:3  | Identified a +9 sacred scourge of holy wrath (a +7 vampiric
                  | demon whip blessed by the Shining One)
 53682 | Crypt:3  | Received a gift from the Shining One
 54310 | Crypt:3  | Found a staircase to the Tomb.
 54733 | Crypt:3  | Found an ancient bone altar of Kikubaaqudgha.
 54733 | Crypt:3  | Found a basalt altar of Yredelemnul.
 54870 | Crypt:3  | Identified the +1 halberd of Vanity {flame, rElec rN+
                  | Dex+2}
 54903 | Crypt:3  | Identified the +2 ring mail of Words of Power {Str+3}
 54907 | Crypt:3  | Got Yriucoul's Handbook of Shivering Austromancy
 55149 | Crypt:3  | Was forgiven by Okawaru
 55663 | Depths:1 | Entered Level 1 of the Depths
 56387 | Depths:1 | Found a white marble altar of Elyvilon.
 56416 | Depths:1 | Found a gateway to Hell.
 56472 | Depths:1 | Identified the +1 spear of Ulump {freeze, rN+ Str+2}
 56500 | Depths:1 | Found a radiant altar of Vehumet.
 56507 | Depths:1 | Found Nesexuiv's Book Emporium.
 56945 | Depths:1 | Found a one-way gate leading to the halls of Pandemonium.
 57047 | Pan      | Entered Pandemonium
 57161 | Pan      | Noticed Yrerezxu the pandemonium lord
 57179 | Pan      | Killed Yrerezxu the pandemonium lord
 57316 | Pan      | Gained mutation: Armour fits poorly on your strangely
                  | shaped body. [a cacodemon]
 57317 | Pan      | Lost mutation: You are vulnerable to cold. (rC-) [a
                  | cacodemon]
 58163 | Pan      | Gained mutation: Your magical capacity is low. (-10% MP) [a
                  | neqoxec]
 58177 | Pan      | Got a demonic rune of Zot
 58181 | Pan      | Entered the realm of Mnoleg.
 58211 | Pan      | Gained mutation: You occasionally lose the ability to drink
                  | potions when taking damage. [a cacodemon]
 58287 | Pan      | Reached XP level 26. HP: 186/186 MP: 30/32
 58379 | Pan      | Gained mutation: You are occasionally teleported next to
                  | monsters. [a neqoxec]
 58382 | Pan      | Gained mutation: You are frail. (-10% HP) [a cacodemon]
 58397 | Pan      | Gained mutation: You are very dopey. (Int -4) [a neqoxec]
 58416 | Pan      | Gained mutation: You sometimes lose your temper in combat.
                  | [a neqoxec]
 58418 | Pan      | Gained mutation: You are very frail. (-20% HP) [a
                  | cacodemon]
 58455 | Pan      | Gained mutation: Your body sometimes deteriorates upon
                  | taking damage. [a neqoxec]
 58463 | Pan      | Gained mutation: Your body often deteriorates upon taking
                  | damage. [a neqoxec]
 58465 | Pan      | Gained mutation: You sometimes lose the ability to drink
                  | potions when taking damage. [a neqoxec]
 58471 | Pan      | Noticed Mnoleg
 58483 | Pan      | Killed Mnoleg
 58486 | Pan      | Gained mutation: You have an uncontrollable temper. [a
                  | cacodemon]
 58531 | Pan      | Got a glowing rune of Zot
 58562 | Pan      | Gained mutation: You are extremely frail. (-30% HP) [a
                  | neqoxec]
 58563 | Pan      | Gained mutation: You are weak. (Str -2) [a neqoxec]
 58605 | Pan      | Lost intelligence.
 58639 | Pan      | Entered the realm of Cerebov.
 58703 | Pan      | Lost mutation: A frigid envelope surrounds you and freezes
                  | all who hurt you. [potion of mutation]
 58703 | Pan      | Lost mutation: You are extremely frail. (-30% HP) [potion
                  | of mutation]
 58703 | Pan      | Lost mutation: Armour fits poorly on your strangely shaped
                  | body. [potion of mutation]
 58703 | Pan      | Gained mutation: Your movements are slightly less
                  | encumbered by armour. (ER -2) [potion of mutation]
 58704 | Pan      | Lost mutation: Your magical capacity is low. (-10% MP)
                  | [potion of mutation]
 58704 | Pan      | Lost mutation: Your movements are slightly less encumbered
                  | by armour. (ER -2) [potion of mutation]
 58704 | Pan      | Lost mutation: Your body often deteriorates upon taking
                  | damage. [potion of mutation]
 58705 | Pan      | Lost mutation: Your body sometimes deteriorates upon taking
                  | damage. [potion of mutation]
 58705 | Pan      | Lost mutation: You are weak. (Str -2) [potion of mutation]
 58705 | Pan      | Lost mutation: You are occasionally teleported next to
                  | monsters. [potion of mutation]
 58706 | Pan      | Lost mutation: You sometimes lose the ability to drink
                  | potions when taking damage. [potion of mutation]
 58706 | Pan      | Lost mutation: You are very dopey. (Int -4) [potion of
                  | mutation]
 58706 | Pan      | Gained mutation: You are extremely frail. (-30% HP) [potion
                  | of mutation]
 58707 | Pan      | Lost mutation: You occasionally shout uncontrollably at
                  | your foes. [potion of mutation]
 58707 | Pan      | Lost mutation: You are dopey. (Int -2) [potion of mutation]
 58707 | Pan      | Lost mutation: You are extremely frail. (-30% HP) [potion
                  | of mutation]
 58707 | Pan      | Gained mutation: You passively map a small area around you.
                  | [potion of mutation]
 58707 | Pan      | Gained mutation: You are somewhat resistant to further
                  | mutation. [potion of mutation]
 58708 | Pan      | Lost mutation: You occasionally lose the ability to drink
                  | potions when taking damage. [potion of mutation]
 58708 | Pan      | Lost mutation: You passively map a small area around you.
                  | [potion of mutation]
 58708 | Pan      | Lost mutation: You are somewhat resistant to further
                  | mutation. [potion of mutation]
 58708 | Pan      | Lost mutation: You are very frail. (-20% HP) [potion of
                  | mutation]
 58708 | Pan      | Lost mutation: You are frail. (-10% HP) [potion of
                  | mutation]
 59123 | Pan      | Identified the ring of the Last Mystics {EV+5 Stlth+}
 59257 | Pan      | Identified the +4 pair of boots of Classification {rElec
                  | rPois}
 59285 | Pan      | Found the +6 sword of Cerebov {flame}
 59285 | Pan      | Noticed Cerebov
 59329 | Pan      | HP: 3/188 [hellion/damnation[Cerebov] (35)]
 59330 | Pan      | Killed Cerebov
 59391 | Pan      | Got a fiery rune of Zot
 59614 | Pan      | Identified the +1 scimitar of True Grit {venom, rF+ Str+3
                  | Int+4}
 59628 | Pan      | Got the Teachings on the Filthy Fifth Circle
 59911 | Pan      | Entered the realm of Gloorx Vloq.
 60366 | Pan      | Noticed Gloorx Vloq
 60377 | Pan      | Killed Gloorx Vloq
 60399 | Pan      | Got a dark rune of Zot
 60473 | Pan      | Reached XP level 27. HP: 196/196 MP: 37/37
 60729 | Pan      | Entered the realm of Lom Lobon.
 60798 | Pan      | Noticed Mennas
 60829 | Pan      | Killed Mennas
 60889 | Pan      | Found an exit through the horrors of the Abyss.
 61440 | Pan      | Noticed Lom Lobon
 61465 | Pan      | Killed Lom Lobon
 61487 | Pan      | Got a magical rune of Zot
 61748 | Pan      | Took an exit into the Abyss.
 61748 | Abyss:2  | Escaped into the Abyss
 61748 | Abyss:2  | Found a corrupted altar of Lugonu.
 61938 | Abyss:3  | Found a corrupted altar of Lugonu.
 61968 | Abyss:3  | Found a corrupted altar of Lugonu.
 62076 | Abyss:3  | Found a corrupted altar of Lugonu.
 62131 | Depths:1 | Escaped the Abyss
 62372 | Depths:2 | Paralysed by a floating eye for 3 turns
 62949 | Depths:2 | Found a one-way gateway to a ziggurat.
 64174 | Hell     | Entered the Vestibule of Hell
 64174 | Hell     | Noticed Geryon
 64185 | Hell     | Noticed Murray
 64199 | Hell     | Killed Geryon
 64211 | Hell     | Killed Murray
 64348 | Hell     | Found a gateway to the Iron City of Dis.
 64631 | Hell     | Found a gateway to the ashen valley of Gehenna.
 64721 | Hell     | Found a gateway to the freezing wastes of Cocytus.
 64766 | Hell     | Found a gateway to the decaying netherworld of Tartarus.
 64855 | Coc:1    | Entered Level 1 of Cocytus
 64927 | Coc:2    | Paralysed by a wendigo for 1 turns
 64989 | Coc:4    | Reached skill level 27 in Invocations
 64992 | Coc:4    | Paralysed by a wendigo for 1 turns
 64994 | Coc:4    | Noticed an ancient lich
 65003 | Coc:4    | Killed an ancient lich
 65165 | Coc:5    | You are sucked into a shaft and drop 1 floor!
 65190 | Coc:6    | Paralysed by a wendigo for 1 turns
 65211 | Coc:6    | HP: 7/197 [wendigo/seracfall (5)]
 65211 | Coc:6    | Paralysed by a wendigo for 1 turns
 65755 | Coc:5    | Reached skill level 27 in Fighting
 65763 | Coc:5    | Paralysed by a wendigo for 1 turns
 66527 | Coc:6    | Paralysed by a wendigo for 1 turns
 66537 | Coc:7    | Entered Level 7 of Cocytus
 66744 | Coc:7    | Paralysed by a wendigo for 1 turns
 66773 | Coc:7    | Paralysed by a wendigo for 1 turns
 66959 | Coc:7    | Noticed Antaeus
 66961 | Coc:7    | Paralysed by a wendigo for 1 turns
 66979 | Coc:7    | Paralysed by a wendigo for 1 turns
 66983 | Coc:7    | HP: 13/298 [Antaeus (30)]
 66983 | Coc:7    | The Shining One protects you from harm!
 66985 | Coc:7    | HP: 1/298 [Ice Fiend/bolt of cold (12)]
 66999 | Coc:7    | Paralysed by a wendigo for 1 turns
 67203 | Coc:7    | Paralysed by a wendigo for 1 turns
 67257 | Coc:7    | Identified the staff of poison "Cavufu" {rElec rPois}
 67445 | Coc:7    | Killed Antaeus
 67459 | Coc:7    | Got an icy rune of Zot
 67623 | Dis:1    | Entered Level 1 of the Iron City of Dis
 67929 | Depths:3 | Found a runed translucent door.
 67941 | Depths:3 | Found a runed translucent door.
 68387 | Depths:3 | Identified the +9 hand axe of Woe {drain, Dex+3}
 68867 | Tar:1    | Entered Level 1 of Tartarus
 69472 | Tar:5    | You are sucked into a shaft and drop 1 floor!
 69561 | Tar:7    | Entered Level 7 of Tartarus
 70468 | Tar:7    | Noticed Ereshkigal
 70510 | Tar:7    | Killed Ereshkigal
 70585 | Tar:7    | Got a bone rune of Zot
 70662 | Geh:1    | Entered Level 1 of Gehenna
 71237 | Geh:6    | Noticed a dread lich
 71247 | Geh:6    | Paralysed by a dread lich for 2 turns
 71252 | Geh:6    | Killed a dread lich
 71444 | Geh:7    | Entered Level 7 of Gehenna
 71826 | Geh:7    | Noticed the Serpent of Hell
 71844 | Geh:7    | Killed the Serpent of Hell
 72024 | Geh:7    | Found the +13 sceptre of Asmodeus
 72024 | Geh:7    | Noticed Asmodeus
 72275 | Geh:7    | Killed Asmodeus
 72292 | Geh:7    | Got an obsidian rune of Zot
 72805 | Dis:2    | Reached skill level 27 in Armour
 74890 | Dis:7    | Entered Level 7 of the Iron City of Dis
 75893 | Dis:7    | Reached skill level 27 in Shields
 76701 | Dis:7    | Identified the +9 great sword of the Final Decision
                  | {freeze, *Corrode Will+ Str+8 Int+3}
 76711 | Dis:7    | Identified the +6 dagger of the Twisting Hero {venom, rC+}
 76726 | Dis:7    | Identified the +5 short sword "Dyuna" {heavy, rElec rF+ rC-
                  | rN+}
 76992 | Dis:7    | Identified the +1 battleaxe of Vuecod {flame, rF- Int+7
                  | SInv}
 77010 | Dis:7    | Identified the ring of the Enemy {rF++ rN+ Dex-2}
 77011 | Dis:7    | Identified the staff of air "Sucunyh" {Drain rElec rPois
                  | rN++ Stlth+}
 77092 | Dis:7    | Identified the staff of conjuration "Ushefi" {Will+ Int+2}
 77557 | Dis:7    | HP: 9/298 [iron giant/iron shot (46)]
 77928 | Dis:7    | Noticed Dispater
 77957 | Dis:7    | Killed Dispater
 78147 | Dis:7    | Got an iron rune of Zot
 78153 | Dis:7    | Got the Anthology of Macabre Points
 78154 | Dis:7    | Identified the ring of Loipicsu {Fly rPois}
 78829 | Depths:3 | Found a one-way gate to the infinite horrors of the Abyss.
 78846 | Depths:3 | Voluntarily entered the Abyss.
 78903 | Abyss:3  | Found a corrupted altar of Lugonu.
 78911 | Abyss:3  | Identified the +1 tower shield of Heto {rF+ Will+ MP+9}
 79099 | Abyss:3  | Gained mutation: You are partially covered in iridescent
                  | scales. (AC +2) [a neqoxec]
 79224 | Abyss:3  | Found a corrupted altar of Lugonu.
 79238 | Abyss:3  | Got an abyssal rune of Zot
 79257 | Depths:3 | Escaped the Abyss
 79753 | Depths:4 | Entered Level 4 of the Depths
 79801 | Depths:4 | Noticed Frederick
 79859 | Depths:4 | Killed Frederick
 79862 | Depths:4 | Noticed Jory
 79863 | Depths:4 | Found an ornate altar of the Wu Jian Council.
 79904 | Depths:4 | Killed Jory
 80093 | Depths:4 | Found a white marble altar of Elyvilon.
 80557 | Depths:4 | Noticed an ancient lich
 80566 | Depths:4 | Killed an ancient lich
 81008 | Depths:4 | Identified the +3 longbow of Satyriasis {freeze, Str+5
                  | Stlth-}
 81065 | Depths:4 | Found a broken altar of Ashenzari.
 81218 | Depths:4 | Found a burning altar of Makhleb.
 81272 | Depths:4 | Found a gate to the Realm of Zot.
 81837 | Tomb:1   | Entered Level 1 of the Tomb of the Ancients
 81963 | Tomb:1   | Paralysed by a sphinx for 2 turns
 82009 | Tomb:1   | Noticed a royal mummy
 82024 | Tomb:1   | Killed a royal mummy
 82373 | Tomb:1   | Noticed a royal mummy
 82382 | Tomb:1   | Killed a royal mummy
 82787 | Tomb:1   | Identified the +1 cloak of Awe {Harm rC+++ rCorr Int-4}
 83179 | Tomb:2   | Noticed a royal mummy
 83181 | Tomb:2   | Noticed a royal mummy
 83183 | Tomb:2   | Noticed a royal mummy
 83196 | Tomb:2   | Killed a royal mummy
 83196 | Tomb:2   | Killed a royal mummy
 83203 | Tomb:2   | Killed a royal mummy
 83240 | Tomb:2   | Noticed a royal mummy
 83250 | Tomb:2   | Killed a royal mummy
 83268 | Tomb:2   | Acquired a manual of Ranged Weapons
 83310 | Tomb:2   | Noticed a royal mummy
 83323 | Tomb:2   | Killed a royal mummy
 83823 | Tomb:1   | Identified the +9 broad axe "Cycuwni" {antimagic, *Rage
                  | +Blink rF+ Dex+2}
 83823 | Tomb:1   | Noticed a royal mummy
 83823 | Tomb:1   | Noticed a royal mummy
 83832 | Tomb:1   | Noticed a royal mummy
 83832 | Tomb:1   | Noticed a royal mummy
 83837 | Tomb:1   | Killed a royal mummy
 83837 | Tomb:1   | Killed a royal mummy
 83838 | Tomb:1   | Killed a royal mummy
 83838 | Tomb:1   | Noticed a royal mummy
 83841 | Tomb:1   | Noticed a royal mummy
 83843 | Tomb:1   | Killed a royal mummy
 83845 | Tomb:1   | Killed a royal mummy
 83845 | Tomb:1   | Noticed a royal mummy
 83849 | Tomb:1   | Noticed a royal mummy
 83850 | Tomb:1   | Killed a royal mummy
 83853 | Tomb:1   | Noticed a royal mummy
 83861 | Tomb:1   | Killed a royal mummy
 83865 | Tomb:1   | Killed a royal mummy
 83867 | Tomb:1   | Noticed a royal mummy
 83869 | Tomb:1   | Killed a royal mummy
 83874 | Tomb:1   | Killed a royal mummy
 84214 | Tomb:1   | Noticed a royal mummy
 84217 | Tomb:1   | Killed a royal mummy
 84218 | Tomb:1   | Noticed a royal mummy
 84219 | Tomb:1   | Noticed a royal mummy
 84224 | Tomb:1   | Killed a royal mummy
 84227 | Tomb:1   | Killed a royal mummy
 84267 | Tomb:1   | Noticed a royal mummy
 84270 | Tomb:1   | Noticed a royal mummy
 84271 | Tomb:1   | Noticed Khufu
 84280 | Tomb:1   | Killed a royal mummy
 84289 | Tomb:1   | Killed Khufu
 84291 | Tomb:1   | Killed a royal mummy
 84296 | Tomb:1   | Noticed a royal mummy
 84304 | Tomb:1   | Killed a royal mummy
 84314 | Tomb:1   | Noticed a royal mummy
 84315 | Tomb:1   | Noticed a royal mummy
 84318 | Tomb:1   | Killed a royal mummy
 84324 | Tomb:1   | Killed a royal mummy
 84327 | Tomb:1   | Noticed a royal mummy
 84338 | Tomb:1   | Killed a royal mummy
 84524 | Tomb:3   | Entered Level 3 of the Tomb of the Ancients
 84560 | Tomb:3   | Noticed a royal mummy
 84562 | Tomb:3   | Noticed a royal mummy
 84585 | Tomb:3   | Killed a royal mummy
 84593 | Tomb:3   | Killed a royal mummy
 84617 | Tomb:3   | Noticed a royal mummy
 84629 | Tomb:3   | Reached skill level 27 in Maces & Flails
 84634 | Tomb:3   | Noticed a royal mummy
 84640 | Tomb:3   | Killed a royal mummy
 84652 | Tomb:3   | Killed a royal mummy
 84706 | Tomb:3   | Noticed a royal mummy
 84719 | Tomb:3   | Killed a royal mummy
 84863 | Tomb:3   | Noticed a royal mummy
 84866 | Tomb:3   | Noticed a royal mummy
 84877 | Tomb:3   | Killed a royal mummy
 84886 | Tomb:3   | Killed a royal mummy
 84902 | Tomb:3   | Noticed a royal mummy
 84910 | Tomb:3   | Killed a royal mummy
 85125 | Tomb:3   | Got a golden rune of Zot
 85150 | Tomb:3   | Noticed a royal mummy
 85158 | Tomb:3   | Killed a royal mummy
 85666 | Zig:1    | Entered Level 1 of a ziggurat
 85712 | Zig:2    | Entered Level 2 of a ziggurat
 85766 | Zig:3    | Entered Level 3 of a ziggurat
 85892 | Zig:4    | Entered Level 4 of a ziggurat
 85932 | Zig:4    | Identified the ring of Absolutism {Ice rPois}
 85937 | Zig:5    | Entered Level 5 of a ziggurat
 85985 | Zig:5    | Identified the ring "Atwaschapp" {rElec rN+ Str+5 Int-2
                  | Dex+6}
 86041 | Zig:6    | Entered Level 6 of a ziggurat
 86046 | Zig:6    | Found the +3 pair of mountain boots {steadfast, rC+}
 86113 | Zig:7    | Entered Level 7 of a ziggurat
 86148 | Zig:7    | Got Sif Muna's Almanac of the Gargoyle and Reconstruction
 86177 | Zig:8    | Entered Level 8 of a ziggurat
 86185 | Zig:8    | Noticed an ancient lich
 86191 | Zig:8    | Killed an ancient lich
 86246 | Zig:9    | Entered Level 9 of a ziggurat
 86256 | Zig:9    | Noticed a royal mummy
 86273 | Zig:9    | Killed a royal mummy
 86413 | Zig:10   | Entered Level 10 of a ziggurat
 86458 | Zig:10   | Got the Tome of Destruction
 86460 | Zig:10   | Was placed under penance by the Shining One
 86489 | Zig:10   | Identified the +5 robe of the Harvest Moon {Rampage Regen+
                  | Archmagi}
 86507 | Zig:10   | Identified the +1 spear "Ycuryi" {speed, rF+ rN+ Int+5}
 86587 | Zot:1    | Entered Level 1 of the Realm of Zot
 86698 | Zot:1    | You are sucked into a shaft and drop 1 floor!
 89123 | Zot:4    | Was forgiven by the Shining One
 89169 | Zot:3    | Reached skill level 27 in Evocations
 89173 | Zot:3    | Reached skill level 1 in Dodging
 89525 | Zot:3    | Reached skill level 5 in Dodging
 89685 | Zot:3    | Identified the staff of earth "Raigh" {rC- Dex+4}
 90141 | Zot:4    | Identified the +3 falchion "Xuuxa" {freeze, Str+3 Dex+4}
 90936 | Zot:4    | Reached skill level 10 in Dodging
 91297 | Zot:5    | Entered Level 5 of the Realm of Zot
 91847 | Zot:5    | Noticed an ancient lich
 91847 | Zot:5    | Noticed an orb of fire
 91848 | Zot:5    | Noticed an orb of fire
 91853 | Zot:5    | Noticed an orb of fire
 91857 | Zot:5    | Killed an ancient lich
 91861 | Zot:5    | Gained mutation: Your body sometimes deteriorates upon
                  | taking damage. [an orb of fire]
 91861 | Zot:5    | Gained mutation: Your spells are a little easier to cast,
                  | but a little less powerful. [an orb of fire]
 91863 | Zot:5    | Gained mutation: You have sharp toenails. [an orb of fire]
 91867 | Zot:5    | Gained mutation: You are dopey. (Int -2) [an orb of fire]
 91872 | Zot:5    | Gained mutation: You are occasionally teleported next to
                  | monsters. [an orb of fire]
 91873 | Zot:5    | Killed an orb of fire
 91873 | Zot:5    | Gained mutation: Your body often deteriorates upon taking
                  | damage. [an orb of fire]
 91877 | Zot:5    | Gained mutation: You occasionally lose the ability to read
                  | scrolls when taking damage. [an orb of fire]
 91879 | Zot:5    | Killed an orb of fire
 91881 | Zot:5    | Killed an orb of fire
 91898 | Zot:5    | Noticed an orb of fire
 91898 | Zot:5    | Noticed an orb of fire
 91898 | Zot:5    | Noticed an ancient lich
 91900 | Zot:5    | Killed from afar by an orb of fire

Illustrated notes

Levels and vault maps discovered:
D:1:      heliophobic_arrival_dark_side_of_the_moon, layout_basic,
          serial_bayou_lagoon_b
D:2:      minmay_spotlight, layout_basic, serial_shops, shop,
          nicolae_shop_back_alley_shop, nicolae_shop_rolling_square,
          uniq_sigmund
D:3:      layout_basic, hangedman_decor_clover_reticule, kennysheep_path_1,
          hellmonk_no_cap
D:4:      layout_basic, overflow_temple_1_default, minmay_temple_entry_arrows,
          serial_shops, nicolae_shop_rolling_square
D:5:      corexii_shantytown, layout_basic, overflow_temple_1_default,
          trog_three_pillars_becter, serial_shops, nicolae_shop_hallway_stairs,
          uniq_duvessa, uniq_ijyb, uniq_eustachio
D:6:      layout_gridville, grunt_dithmenos_shadows, serial_shops,
          nicolae_shop_statue_plus
D:7:      layout_basic, gammafunk_temple_overflow_wave, dk_yredelemnul_ordeal
D:8:      layout_basic, uniq_prince_ribbit1
D:9:      minmay_the_grid_octo_triangle [minmay_the_grid_octo_teeth,
          minmay_the_grid_octo_prize_star, minmay_the_grid_octo_focus],
          layout_basic
D:10:     layout_roguey, gammafunk_ghost_smash
D:11:     minmay_four_partial_circles, layout_layer_cave,
          minmay_lair_entry_grove, uniq_psyche, uniq_grum
D:12:     layout_cave_pools
D:13:     nicolae_hitomezashi [nicolae_hito_row, nicolae_hito_row,
          nicolae_hito_row, nicolae_hito_row, nicolae_hito_row,
          nicolae_hito_row, nicolae_hito_row, nicolae_hito_row,
          nicolae_hito_row, nicolae_hito_row, nicolae_hito_row,
          nicolae_hito_row, nicolae_hito_row, nicolae_hito_row,
          nicolae_hito_row, nicolae_hito_row, nicolae_hito_row,
          nicolae_hito_row], layout_basic, uniq_nessos, uniq_kirke,
          uniq_josephine
D:14:     layout_loops_ring, skrybe_vaults_entry_preservation, chequers_garden,
          kennysheep_windowed_goal
D:15:     hangedman_depths_entry_civil_slaughter, layout_irregular_city,
          reono_crystal_passage
Temple:   eino_wide_crystal_templ
Lair:1:   wander_river, layout_layer_cave, uniq_joseph
Lair:2:   beast_lair_carwin_large_2, layout_regular_city,
          cheibrodos_lair_lostbears
Lair:3:   layout_chaotic_city, minmay_shoals_entry_beasts,
          minmay_snake_entry_guardpost_medium, chequers_serial_rivers_large_b,
          uniq_sonja
Lair:4:   layout_regular_city, dpeg_slime_entry_enclosed,
          gammafunk_ghost_hydra_chop, serial_bayou_pond_b,
          kennysheep_catoblepas_arena
Lair:5:   evilmike_catoblepas_cave, layout_long_grid, bobbens_ice_dragon_lair,
          lemuel_fruit_tree, lemuel_fruit_fields, infiniplex_staircase_pool,
          uniq_snorg
Shoals:1: cheibrodos_shoals_epimethial_gifts, layout_shoals, serial_shops, shop
Shoals:2: layout_shoals, serial_shops, shop, kb_tengu_band, uniq_mlioglotl
Shoals:3: layout_shoals, serial_shops, nicolae_shop_real_fake_doors
Shoals:4: shoals_end_grunt_garden, layout_shoals, shoals_ilsuiw_alternative,
          nicolae_shop_gadgets
Snake:1:  layout_rooms, uniq_frances
Snake:2:  layout_rooms, nicolae_snake_salamander_fort
Snake:3:  layout_basic, minmay_shoptagon, uniq_saint_roka, uniq_louise,
          uniq_vashnia
Snake:4:  grunt_snake_rune_spirals, layout_onion_interference,
          nicolae_snake_snake_lake
Slime:1:  layout_caves
Slime:2:  cheibrodos_slime_lost_civilization_9, layout_caves, uniq_dissolution
Slime:3:  layout_caves
Slime:4:  layout_caves, basic_altar
Slime:5
Orc:1:    layout_caves, nicolae_alphabet_shops
Orc:2:    st_orc_pillars, layout_caves, minmay_orc_keep, uniq_urug
Elf:1:    hangedman_staggered_hall, layout_geoelf_grid, hangedman_elf_represent,
          nicolae_elf_glass_and_crystal_pillar_1, nicolae_shop_i_like_big_books,
          nicolae_shop_sticking_my_neck_out
Elf:2:    nicolae_elf_blades_splatter_lattice [infiniplex_blade_entry_pillars],
          layout_rooms, serial_shops, bzr_entry_islet
Elf:3:    minmay_elf_hall_curves, layout_geoelf_octagon,
          infiniplex_enter_wizlab_glasses, uniq_bai_suzhen, uniq_mara,
          uniq_nikola
Vaults:1: nicolae_vaults_hallways_thing, v_misc_17,
          nicolae_vaults_circle_grid_b, nicolae_vaults_lightning_bolt,
          v_misc_10, nicolae_vaults_trapezoid_2, grunt_vaults_hallway_long,
          layout_vaults_quadrants, uniq_donald, uniq_zenata
Vaults:2: grunt_vaults_focal, dpeg_vaults_monster_row,
          nicolae_vaults_puzzle_piece, hangedman_vaults_hat, v_rooms_5,
          nicolae_vaults_ring_of_whatevers, nicolae_vaults_more_shelving_1,
          nicolae_vaults_diamond_1, nicolae_vaults_little_squares_4, v_misc_11,
          layout_vaults_maze_snakey, serial_shops, nicolae_shop_rolled_up
Vaults:3: v_rooms_3, ontoclasm_vaults_gateway, minmay_crypt_entry_necro_gods,
          nicolae_vaults_minivaults, nicolae_vaults_shrinking_rooms_1,
          nicolae_vaults_storage_closets_3, v_misc_22,
          nicolae_vaults_storage_room_statues, nicolae_vaults_stepped_doors,
          nicolae_vaults_house_3, nicolae_vaults_trapezoid_layered,
          layout_vaults_ring
Vaults:4: nicolae_vaults_cochlea, nicolae_vaults_murderbox,
          vaults_room_large_hall, nicolae_vaults_tetromino_Z_2, v_rooms_2,
          nicolae_vaults_sesquioval_fish, v_rooms_1,
          nicolae_vaults_trapezoid_lopsided_1, layout_vaults_big_room
Vaults:5: serial_shops, uniq_margery
Crypt:1:  layout_gridlike, grunt_megastairs_5
Crypt:2:  layout_gridlike, nicolae_crypt_twisting_catacombs
Crypt:3:  lightli_unholy_cathedral, layout_chaotic_city,
          nicolae_tomb_entry_unfolded_pyramid_orthogonal, hex_large
Tomb:1:   uniq_khufu
Tomb:2
Tomb:3
Depths:1: layout_gridville, rand_demon_pan_entry_9, grunt_mini_vestibule,
          nicolae_vehumet_altar_sigil, serial_shops, nicolae_shop_waterfront,
          elyvilon_altar_1
Depths:2: minmay_octo_star, layout_honeycomb, enter_ziggurat_a,
          rand_demon_pan_entry_5, hell_entry, kennysheep_nondecorative_pillar
Depths:3: thingy_vault_2, layout_honeycomb,
          nicolae_abyss_entry_one_way_or_another, hell_entry,
          grunt_pan_entry_spiral, infiniplex_staircase_zigzag_4
Depths:4: grunt_profane_halls [grunt_profane_temple_coc,
          grunt_profane_temple_geh, grunt_profane_temple_tar,
          grunt_profane_temple_dis, grunt_zot_portal], abyss_entry, hell_entry,
          uniq_jory, uniq_frederick
Hell
Dis:1:    layout_regular_city
Dis:2:    layout_subdivisions
Dis:3:    layout_subdivisions
Dis:4:    layout_subdivisions
Dis:5:    layout_subdivisions
Dis:6:    layout_subdivisions
Dis:7:    iron_city_of_dis [dis_mu, dis_wall_4], layout_gridville
Geh:1:    layout_gehenna_lava_caves
Geh:2:    layout_gehenna_pools_triple
Geh:3:    layout_gehenna_lava_caves
Geh:4:    layout_gehenna_lava_caves
Geh:5:    layout_gehenna_lava_caves
Geh:6:    layout_gehenna_pools_triple
Geh:7:    geh_grunt
Coc:1:    layout_cocytus_water_paths
Coc:2:    layout_cocytus_water_paths
Coc:3:    layout_cocytus_water_paths
Coc:4:    layout_ice_bergs
Coc:5:    nicolae_coc_city_of_iceburg
Coc:6:    layout_ice_bergs
Coc:7:    coc_dpeg
Tar:1:    layout_grid_maze
Tar:2:    layout_catacombs
Tar:3:    layout_catacombs
Tar:4:    layout_honeycomb
Tar:5:    layout_grid_maze
Tar:6:    nicolae_hells_demon_pit, layout_cathedral_of_symmetry
Tar:7:    tar_mu [tar_mu_maze]
Zot:1:    layout_gridlike
Zot:2:    kennysheep_room_grid, layout_concentric_octagons
Zot:3:    layout_misc_corridors, lemuel_flame_loot_1
Zot:4:    layout_gridlike
Zot:5:    layout_twisted_circle

Skill      XL: |  1  2  3  4  5  6  7  8  9 10 11 12 13 14 15 16 17 18 19 20 21 22 23 24 25 26 27 |
---------------+----------------------------------------------------------------------------------+-----
Maces & Flails | 3 5 6 7 8 11 14 17 18 20 27 | 27.0
Invocations    | 2 4 9 10 13 15 18 21 27 | 27.0
Armour         | 4 6 10 11 14 16 18 20 27 | 27.0
Fighting       | 6 7 10 11 15 16 18 20 21 22 24 26 27 | 27.0
Shields        | 4 8 10 12 14 17 18 20 27 | 27.0
Evocations     | 5 10 13 15 16 17 27 | 27.0
Dodging        | 12 | 12.9

Action                     |  1- 3 |  4- 6 |  7- 9 | 10-12 | 13-15 | 16-18 | 19-21 | 22-24 | 25-27 || total
---------------------------+-------+-------+-------+-------+-------+-------+-------+-------+-------++-------
  Melee: Flail             |   121 |    94 |   527 |   156 |       |       |       |       |       ||   898
         Unarmed           |       |       |    24 |       |       |       |       |       |       ||    24
         Eveningstar       |       |       |       |   312 |   858 |   838 |  1548 |  1911 |    72 ||  5539
         Demon whip        |       |       |       |       |       |       |       |    21 |       ||    21
         Sacred scourge    |       |       |       |       |       |       |       |       |  8044 ||  8044
  Throw: Throwing net      |       |       |       |       |       |     1 |       |       |     1 ||     2
 Invoke: Heroism           |       |       |       |     1 |     1 |     1 |     3 |     3 |       ||     9
         Finesse           |       |       |       |       |       |       |     2 |     2 |       ||     4
         Duel              |       |       |       |       |       |       |     1 |       |       ||     1
         Cleansing Flame   |       |       |       |       |       |       |       |       |   135 ||   135
         Summon Divine War |       |       |       |       |       |       |       |       |    17 ||    17
         Divine Shield     |       |       |       |       |       |       |       |       |     2 ||     2
         Brand Weapon With |       |       |       |       |       |       |       |       |     1 ||     1
  Evoke: Wand              |       |       |     6 |       |     2 |     5 |     4 |       |    26 ||    43
         Condenser vane    |       |       |       |       |     1 |     2 |     2 |     2 |     5 ||    12
         Phial of floods   |       |       |       |       |       |       |       |       |     1 ||     1
         Phantom mirror    |       |       |       |       |       |       |       |       |     1 ||     1
    Use: Scroll            |     3 |     2 |     8 |    14 |     5 |     3 |     5 |    17 |    33 ||    90
         Potion            |     1 |       |       |     2 |     2 |     5 |     6 |     5 |    22 ||    43
   Stab: Petrified         |       |       |       |       |     2 |       |       |       |       ||     2
         Petrifying        |       |       |       |       |     1 |       |       |       |       ||     1
         Invisible         |       |       |       |       |       |     7 |     7 |     3 |       ||    17
 Armour: Scale mail        |    62 |    45 |       |   278 |   635 |   324 |       |       |       ||  1344
         Chain mail        |       |       |   286 |       |       |       |       |       |       ||   286
         Skin              |       |       |     6 |       |       |       |       |       |       ||     6
         Crystal plate arm |       |       |       |       |       |   227 |  1169 |   841 |  4152 ||  6389
  Dodge: Dodged            |    53 |    45 |   335 |   303 |   465 |   298 |   459 |   339 |  1840 ||  4137
  Block: Buckler           |    25 |    12 |   108 |    94 |   244 |   183 |       |       |       ||   666
         Tower shield      |       |       |       |       |       |   306 |  1447 |  1313 |  6445 ||  9511
